[Event "BL 2024-25"]
[Site "Austria"]
[Date "2024.10.10"]
[Round "2.20"]
[White "Solodovnichenko, Yuri"]
[Black "Costa, Leonardo"]
[Result "0-1"]
[Annotator "TA"]
[ECO "C48"]
[WhiteElo "2497"]
[BlackElo "2472"]
[PlyCount "120"]
[EventDate "2024.08.28"]
[EventType "team-tourn"]
[EventCountry "AUT"]
[SourceTitle "playchess.com"]
[Source "ChessBase"]
[SourceQuality "1"]
[WhiteTeam "Wien-St Veit"]
[BlackTeam "Maria Saal"]
[TimeControl "40/5400+30:1800+30"]

1. e4 e5 2. Nf3 Nc6 3. Nc3 Nf6 4. Bb5 Bc5 5. O-O O-O 6. Bxc6 dxc6 7. d3 {[%emt 0:00:10] C48: Four Knights: 4 Bb5, replies other than 4...Bb4.} Nd7 8. Be3 Bd6 9. Nd2 Nc5 10. f4 $146 ({Predecessor:} 10. Nc4 Ne6 11. Ne2 f5 12. exf5 Rxf5 13. Ng3 Rf7 14. Qd2 b5 15. Nxd6 cxd6 16. f4 exf4 17. Bxf4 {½-½ Gharamian,T (2601)-Sasikiran,K (2636) WchT Final 13th rapid 2022 (1.4)}) 10... exf4 11. Bxf4 Bxf4 12. Rxf4 Ne6 13. Rf2 Nd4 14. Nb3 a5 15. Qd2 a4 16. Nxd4 Qxd4 17. Raf1 Be6 18. Kh1 Rfd8 19. b3 b5 20. Qe1 a3 21. Ne2 Qe5 22. Nf4 c5 23. h3 h6 24. Qe2 Rd7 25. Nxe6 fxe6 26. Qg4 Rdd8 27. Qf4 Qxf4 28. Rxf4 c4 29. dxc4 bxc4 30. bxc4 Rd2 31. R1f2 Rxf2 32. Rxf2 Ra4 33. Rf3 Rxc4 34. Rxa3 Rxc2 35. Kh2 Kf7 36. Kg3 Kf6 37. Kf3 Ke5 38. g3 ({White should play} 38. Ra5+ $15 c5 39. Ra4) 38... c5 39. h4 Kd4 40. Ra7 {[%emt 0:00:31] [#]} Rc3+ $1 41. Kf4 $2 (41. Kf2 $17 {keeps fighting.}) 41... e5+ $19 42. Kf5 $2 (42. Kg4 g6 (42... Kxe4 $2 43. Rxg7 Rc4 44. Re7 $19) 43. a4) 42... Rf3+ $19 (42... Rxg3 43. Rd7+ Ke3 44. Kxe5 $17) 43. Kg4 Rf6 (43... Kxe4 44. Ra4+ Ke3 (44... c4 45. Rxc4+ Ke3 46. Rc3+ Ke4 47. Rxf3 $11) 45. Ra3+ Ke4 46. Ra4+ (46. Rxf3 h5+ 47. Kxh5 Kxf3 $19) 46... Ke3 (46... c4 47. Rxc4+ Ke3 48. Rc3+ Ke4 49. Rxf3 $11) 47. Ra3+ Ke4 48. Ra4+ $11 (48. Rxf3 $2 h5+ 49. Kxh5 Kxf3 $19)) 44. Rxg7 c4 (44... Kxe4 45. Rc7 $17) 45. Rc7 $2 (45. Rd7+ Kxe4 46. Rc7) 45... c3 $19 (45... Kxe4 46. Rxc4+ Kd3 47. Rb4 $11) 46. Kh5 Kd3 (46... Kxe4 47. Rxc3 Kd4 48. Rc8 $11) 47. g4 c2 (47... Kxe4 48. Rxc3 Ra6 49. Rc8 $11) 48. Rd7+ Kxe4 49. Rc7 Kd3 50. Rd7+ Kc3 51. Rc7+ Kb2 52. Rb7+ Kxa2 53. Rc7 Kb2 54. Rb7+ Kc1 55. g5 hxg5 56. hxg5 Rc6 57. g6 Kd1 58. g7 c1=Q (58... c1=B 59. g8=Q (59. g8=B Rh6+ 60. Kg4 Rg6+ 61. Kf5 Rxg8 $15) 59... Rh6+ 60. Kg4 Rd6 61. Qb3+ Ke2 62. Qc2+ Bd2 63. Qc4+ Kf2 64. Rf7+ Bf4 65. Rxf4+ exf4 66. Qxf4+ Ke2 67. Qxd6) (58... Rh6+ 59. Kxh6 c1=Q+ (59... c1=B+ 60. Kh5 Ke2 61. g8=Q Kf2 62. Qc4 Kf3 63. Qxc1 Ke4 64. Rd7 Kf3 65. Rd3+ Ke4 66. Qc4+ Kf5 67. Rf3#) 60. Kh5 $11) 59. Rd7+ Ke2 60. g8=Q Rh6+ 0-1

[Event "BL 2024-25"]
[Site "Austria"]
[Date "2024.10.10"]
[Round "2.21"]
[White "Naumann, Alexander"]
[Black "Koellner, Ruben Gideon"]
[Result "1/2-1/2"]
[Annotator "TA"]
[ECO "A13"]
[WhiteElo "2487"]
[BlackElo "2480"]
[PlyCount "61"]
[EventDate "2024.08.28"]
[EventType "team-tourn"]
[EventCountry "AUT"]
[SourceTitle "playchess.com"]
[Source "ChessBase"]
[SourceQuality "1"]
[WhiteTeam "Maria Saal"]
[BlackTeam "Wien-St Veit"]
[TimeControl "40/5400+30:1800+30"]

1. c4 e6 2. g3 d5 3. Bg2 Nf6 4. Nf3 dxc4 5. Qa4+ Bd7 6. Qxc4 c5 7. Ne5 Qc8 8. Qd3 Nc6 9. Nxd7 Nxd7 10. b3 Be7 11. Bb2 O-O 12. Nc3 Rd8 13. Rd1 Nf6 14. Qb1 Qd7 15. O-O Rac8 16. d3 b6 17. Rd2 Nd5 (17... g6 $11) 18. e3 Nxc3 19. Bxc3 {This pair of bishops is nice.} Qe8 20. Rfd1 Bf8 21. Qa1 Rd6 22. d4 cxd4 {The position is equal.} 23. Bxd4 Nxd4 24. Rxd4 Rcd8 25. Rxd6 Rxd6 26. Rxd6 Bxd6 $11 {KQB-KQB} 27. Qd4 Qe7 28. Bf3 g6 29. Kg2 Qc7 30. Qd3 Kg7 31. h4 {Weighted Error Value: White=0.05 (flawless) /Black=0.05 (flawless) .  Mistake:       	---       	Black=1      Inaccurate:     	White=1     	---        OK:         	White=9     	Black=13     Best:        	---       	Black=1} 1/2-1/2

[Event "BL 2024-25"]
[Site "Austria"]
[Date "2024.10.10"]
[Round "2.23"]
[White "Bauer, Sebastian"]
[Black "Kuegel, Tobias"]
[Result "1/2-1/2"]
[Annotator "TA"]
[ECO "B27"]
[WhiteElo "2334"]
[BlackElo "2428"]
[PlyCount "75"]
[EventDate "2024.08.28"]
[EventType "team-tourn"]
[EventCountry "AUT"]
[SourceTitle "playchess.com"]
[Source "ChessBase"]
[SourceQuality "1"]
[WhiteTeam "Maria Saal"]
[BlackTeam "Wien-St Veit"]
[TimeControl "40/5400+30:1800+30"]

1. e4 c5 2. Nf3 g6 3. d4 cxd4 4. Qxd4 Nf6 5. Nc3 Nc6 6. Qa4 d6 7. e5 dxe5 8. Nxe5 Bg7 9. Bb5 O-O 10. Nxc6 bxc6 11. Bxc6 Rb8 12. O-O Qc7 13. Re1 {[%emt 0:21:06] Bf4 would now be deadly.} Rb6 14. Bf3 {[%emt 0:03:40] Black should prevent Bf4.} Bb7 15. Bf4 Qc8 {[%emt 0:02:32] The position is equal.} 16. Bxb7 Qxb7 17. Be5 Rxb2 18. Rab1 Rxb1 19. Rxb1 Qd7 20. Qxd7 Nxd7 21. Bxg7 Kxg7 $11 {[%emt 0:00:11][%mdl 4096] Endgame. KRN-KRN} 22. Rb7 Rc8 23. Rxd7 {[%emt 0:00:28] [#] And now Rd3 would win.} Rxc3 24. Rxa7 {[%emt 0:00:53] KR-KR} e5 25. g4 h6 26. Kg2 e4 27. Re7 Rxc2 28. Rxe4 Rxa2 29. h3 Ra5 30. Rb4 h5 31. Kg3 hxg4 32. hxg4 g5 33. Rb6 f5 34. gxf5 $1 Rxf5 35. Kg4 Rf6 36. Rxf6 Kxf6 37. f4 (37. f3 $5) 37... gxf4 38. Kxf4 {[%emt 0:00:40] An interesting draw.   Weighted Error Value: White=0.03 (flawless) /Black=0.01 (flawless) .  Inaccurate:     	White=1     	---        OK:         	White=11    	Black=15     Strong:       	White=1     	---} 1/2-1/2

[Event "BL 2024-25"]
[Site "Austria"]
[Date "2024.10.10"]
[Round "2.24"]
[White "Kulon, Klaudia"]
[Black "Hartl, Daniel"]
[Result "1/2-1/2"]
[Annotator "TA"]
[ECO "C58"]
[WhiteElo "2395"]
[BlackElo "2248"]
[PlyCount "97"]
[EventDate "2024.08.28"]
[EventType "team-tourn"]
[EventCountry "AUT"]
[SourceTitle "playchess.com"]
[Source "ChessBase"]
[SourceQuality "1"]
[WhiteTeam "Wien-St Veit"]
[BlackTeam "Maria Saal"]
[TimeControl "40/5400+30:1800+30"]

1. e4 e5 2. Nf3 Nc6 3. Bc4 Nf6 4. Ng5 d5 5. exd5 Na5 6. Bb5+ c6 7. dxc6 bxc6 8. Qf3 Rb8 9. Bd3 Be7 10. Nc3 O-O 11. Bf5 h6 12. Nge4 Nxe4 13. Nxe4 Nc4 14. Bxc8 Qxc8 15. b3 Na3 16. Bxa3 Bxa3 17. O-O f5 18. Nc3 Qc7 19. Rad1 Bd6 20. d3 Rb4 21. Ne2 Rh4 {[%emt 0:09:41] And now ...e4 would win.} 22. g3 Rg4 23. c4 Rg6 (23... Qd7 $14) 24. Kh1 Qd7 25. d4 {[%emt 0:08:45] Wards off Bc5} e4 26. Qe3 Rg4 27. f4 exf3 28. Qxf3 f4 (28... Qe8 $16 {was worth a try.}) 29. gxf4 $18 (29. Nxf4 Bxf4 30. gxf4 Rgxf4 31. Qxf4 Rxf4 32. Rxf4 Qe6 $16) 29... Bxf4 {[%emt 0:00:38] [#]} 30. d5 $1 Rh4 31. Nxf4 ({But not} 31. dxc6 $6 Qe6 32. Ng3 (32. Nxf4 Rhxf4 33. Qg2 Rxf1+ 34. Rxf1 Rxf1+ 35. Qxf1 Qxc6+ 36. Qg2 Qa6 $16) 32... Rf6 $16) 31... Rhxf4 32. Qxf4 Rxf4 33. Rxf4 {[%emt 0:00:01][%mdl 4096] Endgame. KQ-KRR} Qd6 34. Rf3 {[%emt 0:02:21][%cal Oc4c5] Threatens to win with c5!} g5 35. Kg2 Qe7 (35... Qe5 {keeps fighting.} 36. Rd2 (36. dxc6 $2 Qe2+ 37. Kg3 Qxd1 $19) 36... Qe4) 36. Kf2 (36. dxc6 $2 {too greedy.} Qe2+ 37. Kg3 Qxd1 $19) 36... cxd5 37. cxd5 ({Resist} 37. Rxd5 Qc7 $16) 37... Qe5 {[%emt 0:01:06] [#]} (37... Qc5+ $142 38. Ke2 Qd6) 38. Kg1 $2 ({Only move:} 38. d6 $1 $18 {[%cal Rd6d7] Intending d7 and mate.} Qxh2+ 39. Ke1 Qh1+ 40. Ke2 Qh2+ 41. Rf2 Qe5+ 42. Kf1 Qb5+ 43. Re2) 38... Qe2 {[%emt 0:00:51] The position is equal.} 39. Rfd3 Qg4+ 40. Kf1 {[%emt 0:01:33] aiming for h3.} Qf4+ 41. Ke1 {[%emt 0:30:30] Strongly threatening R1d2.} (41. Kg1 $5) 41... Qe5+ 42. Kd2 Qb2+ 43. Ke3 Qe5+ 44. Kf3 {[%emt 0:01:45] Hoping for Rd4.} Qf4+ 45. Kg2 Qg4+ 46. Kf1 {[%emt 0:00:47] R1d2 is the strong threat.} Qf4+ 47. Ke1 {[%emt 0:00:03] Black must now prevent h3.} (47. Kg1 $5) 47... Qe5+ 48. Kd2 {[%emt 0:00:08] h3 would now be deadly.} Qb2+ 49. Ke3 {[%emt 0:00:31] Blacks defense is rewarded with a draw.   Weighted Error Value: White=0.19 (very precise) /Black=0.15 (very precise) .  Missed win:     	White=1     	---        Mistake:       	---       	Black=4      Inaccurate:     	White=2     	Black=3      OK:         	White=14    	Black=18     Best:        	White=3     	---        Strong:       	White=1     	---} 1/2-1/2

[Event "BL 2024-25"]
[Site "Austria"]
[Date "2024.10.10"]
[Round "2.25"]
[White "Kozak, Adam"]
[Black "Nisipeanu, Liviu-Dieter"]
[Result "1/2-1/2"]
[Annotator "TA"]
[ECO "E15"]
[WhiteElo "2600"]
[BlackElo "2584"]
[PlyCount "48"]
[EventDate "2024.08.28"]
[EventType "team-tourn"]
[EventCountry "AUT"]
[SourceTitle "playchess.com"]
[Source "ChessBase"]
[SourceQuality "1"]
[WhiteTeam "Fuerstenfeld-Hartberg"]
[BlackTeam "Mayrhofen-Zell-Ziller"]
[TimeControl "40/5400+30:1800+30"]

1. d4 Nf6 2. c4 e6 3. Nf3 b6 4. g3 Bb4+ 5. Bd2 Bxd2+ 6. Qxd2 Ba6 7. Qc2 c5 8. Bg2 Nc6 9. dxc5 bxc5 10. O-O O-O 11. Rd1 Qe7 12. Nc3 Rfd8 13. Qa4 Bb7 14. Ne1 d5 15. cxd5 $16 {[%emt 0:13:13] White is more active.} exd5 16. Nxd5 Nxd5 17. Bxd5 (17. Rxd5 Rxd5 18. Bxd5 Nd4 $11) 17... Nd4 18. Bxb7 Qxb7 19. e3 (19. Rd2 $16) 19... Ne2+ $11 20. Kf1 Nd4 $1 {[%emt 0:00:02] The position is equal.} 21. Kg1 {[%emt 0:05:48] Prevents Qh1+} (21. exd4 $5 Qh1+ $8 22. Ke2 Qe4+ 23. Kf1 Qh1+ 24. Ke2 Qe4+ 25. Kf1 Qh1+ $11) 21... Ne2+ 22. Kf1 Nd4 23. Kg1 {[%emt 0:01:47] Dodges Qh1+} (23. exd4 $5 Qh1+ $8 24. Ke2 Qe4+ 25. Kf1 Qh1+ 26. Ke2 Qe4+ 27. Kf1 Qh1+ $11) 23... Ne2+ 24. Kf1 Nd4 $1 {[%emt 0:00:02] Weighted Error Value: White=0.18 (very precise) /Black=0.18 (very precise) .  Missed win:     	White=1     	---        Mistake:       	White=1     	Black=1      OK:         	White=4     	Black=6      Best:        	White=1     	Black=1      Strong:       	---       	Black=2} 1/2-1/2

[Event "BL 2024-25"]
[Site "Austria"]
[Date "2024.10.10"]
[Round "2.26"]
[White "Vogel, Roven"]
[Black "Berkes, Ferenc"]
[Result "1-0"]
[Annotator "TA"]
[ECO "D45"]
[WhiteElo "2559"]
[BlackElo "2604"]
[PlyCount "81"]
[EventDate "2024.08.28"]
[EventType "team-tourn"]
[EventCountry "AUT"]
[SourceTitle "playchess.com"]
[Source "ChessBase"]
[SourceQuality "1"]
[WhiteTeam "Mayrhofen-Zell-Ziller"]
[BlackTeam "Fuerstenfeld-Hartberg"]
[TimeControl "40/5400+30:1800+30"]

1. d4 d5 2. c4 c6 3. Nf3 Nf6 4. Nc3 a6 5. e3 e6 6. h3 Nbd7 7. Qc2 h6 8. b3 {[%emt 0:04:15] White is slightly better.} Bd6 9. Bb2 e5 10. dxe5 Nxe5 11. O-O-O Qe7 $1 12. Nxe5 Bxe5 13. cxd5 cxd5 14. Nxd5 Nxd5 15. Rxd5 Bxb2+ 16. Kxb2 O-O 17. Bd3 Be6 18. Rd4 {[%emt 0:01:03] White is more active.} Rfd8 19. Rd1 Rxd4 $1 20. exd4 a5 21. Bc4 a4 $1 22. Bxe6 a3+ 23. Kb1 Qxe6 $11 {[%emt 0:00:05][%mdl 4096] Endgame. KQR-KQR} 24. d5 Qd6 25. Qe4 Rd8 26. Rd3 Qf6 27. Rd2 {[%emt 0:01:34] Dodges Qb2+} Qd6 28. Kc2 Qa6 (28... Kf8 $11 {keeps the balance.}) 29. Qd3 (29. Rd3 $1 $16) 29... Qf6 {[%emt 0:00:18] [#]} (29... Qd6 $14) 30. d6 $1 $16 Qa1 {[%emt 0:00:31] [#]} (30... Rc8+ $16 31. Kd1 Re8) 31. Qc3 $1 $18 Qe1 32. f3 {[%emt 0:02:50] Repels Qe4+. Threatens to win with Qc7.} Qe8 {[%emt 0:04:09] And now ...Rc8 would win.} 33. Kd1 Qb5 {[%emt 0:02:41] [#]} (33... g6 $142 34. Qc7 Rd7) 34. d7 $1 Qb6 {[%emt 0:00:52] Dodges Qc7} 35. b4 Qg1+ $2 (35... Kf8 {was called for.} 36. Qxa3 Qb5) 36. Kc2 Qb6 {[%emt 0:00:10] Against Qc7} 37. Kb3 (37. Qxa3 Rxd7 38. Rxd7 (38. Qa8+ Kh7 $11) 38... Qc6+ 39. Kd2 Qxd7+ 40. Ke2 Qd5 $11) 37... Qe6+ 38. Kxa3 {[%emt 0:01:33] White is clearly winning.} Kh7 39. Qd3+ g6 40. Kb2 Qe5+ 41. Qd4 {[%emt 0:30:43] Weighted Error Value: White=0.08 (flawless) /Black=0.30.  Mistake:       	White=1     	Black=5      Inaccurate:     	White=2     	Black=4      OK:         	White=16    	Black=13     Best:        	White=1     	---        Strong:       	White=2     	Black=3} 1-0

[Event "BL 2024-25"]
[Site "Austria"]
[Date "2024.10.10"]
[Round "2.29"]
[White "Gschnitzer, Adrian"]
[Black "Platzgummer, Fabian"]
[Result "1/2-1/2"]
[Annotator "TA"]
[ECO "E24"]
[WhiteElo "2449"]
[BlackElo "2301"]
[PlyCount "116"]
[EventDate "2024.08.28"]
[EventType "team-tourn"]
[EventCountry "AUT"]
[SourceTitle "playchess.com"]
[Source "ChessBase"]
[SourceQuality "1"]
[WhiteTeam "Fuerstenfeld-Hartberg"]
[BlackTeam "Mayrhofen-Zell-Ziller"]
[TimeControl "40/5400+30:1800+30"]

1. d4 Nf6 2. c4 e6 3. Nc3 Bb4 4. a3 Bxc3+ 5. bxc3 Nc6 6. f3 b6 7. e4 d6 8. Bg5 h6 9. Bh4 g5 10. Bf2 Nh5 11. h4 Qf6 12. g3 Qg7 13. hxg5 hxg5 14. f4 g4 15. e5 Bb7 16. Rh4 f5 17. d5 Na5 18. Qa4+ Qd7 19. Qxd7+ Kxd7 20. O-O-O dxe5 21. fxe5 Ng7 22. dxe6+ Kxe6 23. Ne2 Rxh4 24. Nf4+ Ke7 25. gxh4 Bf3 26. Re1 Ne6 27. Nd5+ (27. Be3 $142) 27... Kf7 $19 28. Bd3 c6 29. Nf6 f4 30. h5 $2 (30. Rf1) 30... g3 $19 31. Bg1 Rd8 32. Bg6+ Ke7 33. h6 Bg2 $2 ({Black should try} 33... Nxc4 $19 34. h7 Rh8 (34... Nxa3 $2 35. Ng8+ Kd7 36. h8=Q $18)) 34. h7 $11 Rh8 $1 35. Rd1 Nf8 36. Bf5 Nxc4 (36... f3 $11 {keeps the balance.} 37. Be3 f2 (37... Nxc4 $2 38. Bg5 $18)) 37. Ng8+ $1 $16 Ke8 38. e6 $1 Rxh7 $2 (38... Nxa3 39. Rd7 (39. e7 Bd5 $18) 39... Nxd7 40. exd7+ (40. Bg6+ Kd8 $18) 40... Kd8 41. Bd4 Kc7 42. Be5+ (42. Bxh8 c5 $18) 42... Kb7 43. d8=Q (43. d8=R Ka6 $18)) (38... Nxh7 39. Rd8+ (39. Bg6+ Kf8 40. e7+ Kxg8 41. e8=Q+ Kg7 42. Qf7+ Kh6 43. Bd4 Bh3 44. Qg7+ Kg5 45. Bf7+ Kh4 46. Qh6+ Kg4 47. Qh5#) 39... Kxd8 40. e7+ Ke8 41. Bg6+ Kd7 42. e8=Q+ (42. e8=R $2 f3 $19) 42... Kc7 43. Bf5 (43. Qf7+ Kb8 $18) 43... Rxg8 44. Qf7+ (44. Qxg8 Nd6 45. Qg7+ Kb8 46. Qe5 Nf8 47. Qxd6+ Kb7 48. Qe7+ Nd7 49. Qxd7+ Ka6 50. Bd3+ b5 51. Qxa7#) 44... Kb8 45. Qxg8+) (38... Bd5 $16 39. e7 (39. Bd4 Rxh7 40. Nf6+ Ke7 $15) 39... f3 (39... Nxa3 $2 40. exf8=N Kxf8 41. Nf6 $18) (39... Bxg8 $2 40. exf8=R+ Kxf8 41. Rd8+ Kf7 42. Rxg8 $18) (39... Nxh7 40. Bg6+ Kd7 41. Rxd5+ cxd5 42. e8=Q+ Kc7 43. Bf5 Rxg8 44. Qf7+ Kb8 45. Qxg8+)) 39. Bxh7 $18 (39. Nf6+ Ke7 40. Ng8+ (40. Nxh7 Bd5 $18) 40... Ke8 41. Bxh7 (41. Nf6+ Ke7 $18) 41... Bd5 (41... Nxh7 $2 42. Rd7 $18)) 39... Nxe6 {[%emt 0:00:07] [#]} (39... Nxh7 40. Rd7 Bh3 (40... Be4 $2 41. Rb7 $18) 41. Rxh7 $18) 40. Be4 $2 ({Less strong is} 40. Bg6+ Kf8 41. Re1 Bh3 $16) ({Only move:} 40. Bf5 $1 $18 ) 40... Bxe4 $11 41. Nf6+ Kf7 42. Nxe4 Kg6 $1 43. Nd6 Nxa3 $2 (43... Ne5 $11) 44. Kd2 $1 $18 Nb5 {[%emt 0:00:00] [#]} 45. Nxb5 $1 cxb5 {[%emt 0:00:00] [#]} 46. Ra1 $1 Ng5 47. Bd4 (47. Rxa7 Nf3+ 48. Ke2 Nxg1+ 49. Kf1 Nh3 $19) 47... Kf5 $2 (47... a5 48. Bxb6 b4) 48. Rxa7 $18 Ke4 49. Bxb6 Kf3 50. Rg7 Ne4+ 51. Kd3 Nf2+ 52. Kd4 g2 53. Kc5 Nd1 54. Kb4 $2 (54. Kxb5 $18 Nxc3+ 55. Kc4) 54... Ne3 $11 55. Kxb5 Kf2 56. c4 g1=Q 57. Rxg1 Kxg1 58. c5 Nd5 1/2-1/2

[Event "BL 2024-25"]
[Site "Austria"]
[Date "2024.10.10"]
[Round "2.31"]
[White "Deuer, Marius"]
[Black "Kadric, Denis"]
[Result "1/2-1/2"]
[Annotator "TA"]
[ECO "E60"]
[WhiteElo "2477"]
[BlackElo "2558"]
[PlyCount "61"]
[EventDate "2024.08.28"]
[EventType "team-tourn"]
[EventCountry "AUT"]
[SourceTitle "playchess.com"]
[Source "ChessBase"]
[SourceQuality "1"]
[WhiteTeam "Salzburg"]
[BlackTeam "Pinggau-Friedberg"]
[TimeControl "40/5400+30:1800+30"]

1. d4 d6 2. Nf3 Nf6 3. c4 g6 4. Nc3 Bg7 5. g3 Bf5 6. Bg2 Qc8 7. O-O O-O 8. Re1 a5 9. Bf4 Nc6 10. d5 {[%emt 0:11:40] Weiß steht etwas besser.} Nb4 11. Nd4 {[%emt 0:15:42] Verhindert Nc2} Bd7 12. e4 e5 13. dxe6 fxe6 14. Ndb5 e5 (14... Ng4 $5) 15. Bg5 h6 16. Bc1 Rf7 17. a3 Na6 18. f3 Qb8 19. Be3 Ne8 20. Na4 Be6 21. Qe2 b6 {[%emt 0:01:01] [#]} (21... Nf6 $11) 22. Nbc3 ({Günstiger ist} 22. f4 $1 $16) 22... Nc5 $11 23. f4 Kh7 $2 (23... Nxa4 $11 24. Nxa4 Nf6) 24. Rf1 $2 (24. Nxc5 $18 bxc5 25. f5) 24... exf4 25. gxf4 {[%emt 0:05:13][%cal Of4f5] Und jetzt f5! wäre schön.} Nxa4 26. Nxa4 {[%emt 0:00:06][%cal Of4f5] [#] Und f5! würde nun gewinnen.} Nf6 (26... Bd7 $11) 27. f5 $16 {[%emt 0:03:08] Weiß steht besser.} gxf5 28. exf5 Bd7 29. Nc3 {[%emt 0:00:13] Weiß hat aktiveres Spiel.} Qf8 30. Bxa8 Qxa8 31. Qg2 {[%emt 0:00:07] Gewichteter Fehlerwert: Weiß=0.23 (präzise) /Schwarz=0.27 (präzise) .  Verlustzug:     	---       	Schwarz=1     Gewinn verpasst:   	Weiß=1     	---        Fehler:       	Weiß=2     	Schwarz=2     Ungenau:       	Weiß=1     	---        OK:         	Weiß=6     	Schwarz=7     Bester:       	Weiß=3     	Schwarz=1} (31. Rf4 $16) 1/2-1/2

[Event "BL 2024-25"]
[Site "Austria"]
[Date "2024.10.10"]
[Round "2.32"]
[White "Petrov, Nikita"]
[Black "Rosner, Jonas"]
[Result "1-0"]
[Annotator "TA"]
[ECO "D45"]
[WhiteElo "2589"]
[BlackElo "2434"]
[PlyCount "69"]
[EventDate "2024.08.28"]
[EventType "team-tourn"]
[EventCountry "AUT"]
[SourceTitle "playchess.com"]
[Source "ChessBase"]
[SourceQuality "1"]
[WhiteTeam "Pinggau-Friedberg"]
[BlackTeam "Salzburg"]
[TimeControl "40/5400+30:1800+30"]

1. Nf3 d5 2. e3 Nf6 3. c4 c6 4. Nc3 e6 5. d4 Nbd7 6. Be2 Bd6 7. O-O O-O 8. a4 a5 9. b3 b6 10. Bb2 {[%emt 0:01:13] The position is equal.} Bb7 11. Qc2 Rc8 12. Rad1 Qe7 13. e4 Nxe4 14. Nxe4 dxe4 15. Qxe4 Nf6 16. Qh4 h6 17. Bd3 Bb4 18. g4 c5 $2 {[%emt 0:08:58] [#] Loses the game.} (18... Nh7 $11) 19. d5 $1 $18 exd5 (19... Nxd5 {was called for.} 20. cxd5 Qxh4 21. Nxh4 exd5) 20. g5 Ne4 21. Bxg7 $1 {[%emt 0:02:44] Bf6 is the strong threat.} Nxg5 (21... f5 $142) 22. Qxh6 (22. Nxg5 $2 Kxg7 23. Nf3 Qf6 24. Qxf6+ Kxf6 25. cxd5 Bxd5 $19) 22... Nxf3+ 23. Kh1 f5 24. Bxf8 (24. Qh8+ Kf7 25. Qh5+ (25. Bxf8 $2 Rxf8 26. Qh5+ Ke6 $19) 25... Kg8 (25... Kxg7 $2 26. Rg1+ $18) 26. Qh8+ (26. Bxf8 Qf7 $11) 26... Kf7 27. Qh5+ (27. Bxf8 Rxf8 28. Qh5+ Ke6 $17) 27... Kg8 (27... Kxg7 $2 28. Rg1+ $18) 28. Bxf8 Qf7 29. Rg1+ (29. Qxf3 $2 dxc4 30. Bxc4 Bxf3+ $19) 29... Nxg1 30. Rxg1+ Kxf8 $11) 24... Qxf8 {[%emt 0:05:53] [#]} 25. Rg1+ $1 Nxg1 26. Rxg1+ Kf7 27. Qh7+ (27. Qxb6 $2 {loses.} Bc6 (27... dxc4+ $2 {perishes.} 28. Qxb7+ Kf6 29. Qa6+ Ke5 30. Rg6 $18) 28. f3 Qd8 29. Qxd8 Rxd8 $19) 27... Kf6 28. Qxb7 dxc4 29. Bxc4 (29. Qxb6+ $142 Ke5 30. Bxc4) 29... Rd8 {[%emt 0:01:11] Black is weak on the light squares} 30. f4 {[%emt 0:03:55][%cal Ob7h7] White threatens Qh7! and mate.} Rd4 31. Bd5 Rxf4 32. Qc6+ {[%emt 0:00:13] White mates.} Ke5 33. Qe6+ Kd4 34. Rd1+ Kc3 35. Qe3+ {[%emt 0:00:05] Weighted Error Value: White=0.04 (flawless) /Black=0.57.  Loses game:     	---       	Black=1      Mistake:       	---       	Black=2      OK:         	White=5     	Black=3      Best:        	White=2     	---        Strong:       	White=2     	---} 1-0

[Event "BL 2024-25"]
[Site "Austria"]
[Date "2024.10.10"]
[Round "2.34"]
[White "Sankalp Gupta"]
[Black "Goldbeck, Lars"]
[Result "1/2-1/2"]
[Annotator "TA"]
[ECO "B11"]
[WhiteElo "2534"]
[BlackElo "2372"]
[PlyCount "73"]
[EventDate "2024.08.28"]
[EventType "team-tourn"]
[EventCountry "AUT"]
[SourceTitle "playchess.com"]
[Source "ChessBase"]
[SourceQuality "1"]
[WhiteTeam "Pinggau-Friedberg"]
[BlackTeam "Salzburg"]
[TimeControl "40/5400+30:1800+30"]

1. e4 c6 2. Nf3 d5 3. Nc3 dxe4 4. Nxe4 Nf6 5. Qe2 Nxe4 6. Qxe4 Qa5 7. b3 (7. b4 $14 Qf5 8. Qe3) 7... Bf5 $11 8. Qe3 Bxc2 {[%emt 0:13:10] Black has an edge.} 9. Bb2 Bg6 10. h4 h5 11. Bc4 (11. Bc3 {simplifies} Qb6 12. Ne5 Qxe3+ 13. dxe3 Bf5 14. f3) 11... Nd7 12. Ng5 ({White should try} 12. O-O $15) 12... Nb6 $17 13. O-O Nxc4 14. bxc4 {[%emt 0:00:00] [#]} O-O-O (14... Qb4 $1 $17 15. Bc3 Qxc4) 15. Bc3 $11 Qb6 16. Qf4 {[%emt 0:00:00] [#]} (16. d4 $11) 16... e5 $1 $17 17. Qxe5 {[%emt 0:00:00][%cal Og5f7] Black must now prevent Nxf7!} Bc5 (17... f6 $15 18. Qe6+ Rd7) 18. Qxg7 (18. Nxf7 $1 $14 Bxf7 19. Qf5+ Rd7 20. Rab1) 18... Bd4 $15 19. Bxd4 Qxd4 20. Qxd4 Rxd4 21. Rfe1 Rxd2 22. Re7 Rd7 23. Rae1 Rhd8 24. f3 f6 25. Rxd7 Rxd7 $11 {[%emt 0:00:21][%mdl 4096] Endgame. KRB-KRN} 26. Ne4 Rd4 27. Nxf6 Rxc4 28. g4 {[%emt 0:00:00] The position is equal.} Rf4 29. Nxh5 Bxh5 30. gxh5 {[%emt 0:00:00] And now Kg2 would win. KR-KR} Kd7 31. Kg2 {[%emt 0:00:00] Hoping for Kg3.} Rxh4 32. Re5 Kd6 33. Rg5 c5 34. Kg3 Rh1 35. Kg2 Rh4 36. Kg3 Rh1 37. Kg2 {[%emt 0:00:12] Weighted Error Value: White=0.14 (very precise) /Black=0.14 (very precise) .  Mistake:       	White=4     	Black=2      Inaccurate:     	---       	Black=2      OK:         	White=16    	Black=9      Best:        	White=1     	Black=6      Brilliant:      	---       	Black=1} 1/2-1/2